 Dungeon Crawl Stone Soup version 0.28-a0-476-g0f06bd746f (webtiles) character file.

Game seed: 9779255489968719227

115 robertstho the Chopper (level 5, -1/30 (33) HPs)
             Began as a Tengu Berserker on Sept 16, 2021.
             Was a Believer of Trog.
             Slain by an orc wizard (3 damage)
             ... on level 3 of the Dungeon.
             The game lasted 00:01:55 (1328 turns).

robertstho the Chopper (Tengu Berserker)            Turns: 1328, Time: 00:01:56

HP:   -1/30 (33)    AC:  2    Str: 18    XL:     5   Next: 0%
MP:   6/6           EV: 15    Int:  8    God:    Trog [**....]
Gold: 68            SH:  5    Dex: 13    Spells: 4/4 levels left

rFire   . . .      SeeInvis .   h - +2 trident (venom)
rCold   . . .      Faith    .   (no shield)
rNeg    . . .      Spirit   .   b - +0 animal skin
rPois   .          Reflect  +   (helmet restricted)
rElec   .          Harm     .   (no cloak)
rCorr   .          Rampage  .   (no gloves)
Will    .....                   (boots unavailable)
Stlth   +.........              j - amulet of reflection
HPRegen 0.10/turn               (no ring)
MPRegen 0.10/turn               (no ring)

@: mighty, on berserk cooldown, flying quickly and evasively, slowed, drained,
very slow
A: beak, talons 3, nimble flight
a: Renounce Religion, Berserk, Trog's Hand


You were on level 3 of the Dungeon.
You worshipped Trog.
Trog was pleased with you.
You visited 1 branch of the dungeon, and saw 4 of its levels.

You collected 68 gold pieces.

Inventory:

Hand Weapons
 a - a +0 hand axe
 h - a +2 trident of venom (weapon)
Armour
 b - a +0 animal skin (worn)
Jewellery
 i - an amulet of regeneration
 j - an amulet of reflection (around neck)
Wands
 g - a wand of flame (8)
Scrolls
 d - 2 scrolls of identify {unknown}
 e - 2 scrolls of teleportation {unknown}
 f - a scroll of blinking {unknown}


   Skills:
 * Level 4.1 Fighting
 + Level 4.3 Axes
 + Level 0.2(2.6) Polearms
 * Level 3.0 Armour
 + Level 2.6 Dodging
 + Level 0.3 Stealth


You had 4 spell levels left.
You didn't know any spells.
Your spell library was empty.

Dungeon Overview and Level Annotations

Branches:
Dungeon (4/15)
 Temple: D:4-7

Altars:
Kikubaaqudgha


Innate Abilities, Weirdness & Mutations

You have a beak for a mouth.
You have claws for feet.
Your magical nature lets you fly swiftly and evasively.


Message History

The adder bites you. The orc misses you.
You closely miss the adder.
The adder is moderately wounded.
The adder closely misses you. The orc barely misses you.
You barely miss the adder. Your peck misses the adder.
The adder is moderately wounded.
The adder bites you.
The orc hits you from afar with a +0 trident.
You puncture the adder!
You kill the adder!
Trog accepts your kill.
Your Armour skill increases to level 3!
Found a stone staircase leading down.
Something hits you.
You feel drained. The orc misses you.
Things that are here:
a +0 flail; a +0 ring mail; an adder corpse You closely miss the orc.
You claw the orc.
The orc is heavily wounded.
You hear some strange, mumbled words.
Something tries to affect you, but you resist.
You block the orc's attack.
You hit the orc.
You kill the orc!
Trog accepts your kill.
You are no longer berserk.
You are exhausted.
You feel yourself slow down.
You hear some strange, mumbled words.
A puff of flame appears from out of thin air!
The puff of flame hits you!
* * * LOW HITPOINT WARNING * * *
You have reached level 5!
Your magical nature develops, letting you fly swiftly and evasively.
You hit something but do no damage. You claw something! Something hits you.
* * * LOW HITPOINT WARNING * * *
You feel drained.
It was a potion of might.
You feel very mighty all of a sudden. Something hits you but does no damage.
You feel drained. Something hits you.
You die...

#...>...#
#.⌠...⌠.#
#.......#
#.⌠...⌠.# .#
#.......# .#.#
#.⌠...⌠.#
#.#.##..){...#
.#.#.####@#
#.#.#.#.).# #
.#.#.#.#..#.#
#.#.#.#.#...#
.#.#.#.#.#..#
.#.#.#.#.##..#
#.#.#.#†#.#..#
#.#.#.#.##..#
#>#.#.#.##.#


There were no monsters in sight!

Vanquished Creatures
  An orc priest (D:3)
  A hound skeleton (D:4)
  2 adders (D:3)
  A worm (D:2)
  2 dart slugs (D:1)
  2 orcs (D:3)
  4 bats
  5 endoplasms
  4 goblins
  9 hobgoblins
  3 jackals (D:1)
  A quokka (D:3)
  3 ball pythons
  A frilled lizard (D:2)
  2 kobolds (D:1)
  A quokka skeleton (D:4)
  2 rats (D:1)
44 creatures vanquished.

Notes
Turn   | Place    | Note
-------+----------+-------------------------------------------
     0 | D:1      | robertstho the Tengu Berserker began the quest for the Orb.
     0 | D:1      | Reached XP level 1. HP: 14/14 MP: 2/2
   296 | D:1      | Reached XP level 2. HP: 19/19 MP: 3/3
   434 | D:1      | Reached XP level 3. HP: 17/23 MP: 4/4
   856 | D:2      | Reached ** piety under Trog
  1032 | D:2      | You fall into a shaft and drop 2 floors!
  1055 | D:4      | Noticed an orc warrior
  1089 | D:4      | Noticed a black bear
  1103 | D:4      | Reached XP level 4. HP: 18/29 MP: 5/5
  1216 | D:4      | Found an ancient bone altar of Kikubaaqudgha.
  1327 | D:3      | Gained mutation: Your magical nature lets you fly swiftly
                  | and evasively. [Tengu growth]
  1327 | D:3      | Reached XP level 5. HP: 3/32 MP: 6/6
  1328 | D:3      | Slain by an orc wizard

Illustrated notes

Levels and vault maps discovered:
D:1:      zelgadis_glass_arrival_small, layout_rooms,
          corexii_item_surrounded_by_moat, serial_park_tiny_1,
          minmay_liquid_box, grunt_decor_fettered, ebering_dispersal_statue_hall
D:2:      layout_rooms, grunt_ministairs_4, kennysheep_generic_room_4
D:3:      kennysheep_goblin_castle, layout_basic, grunt_ministairs_3
D:4:      layout_rooms, mainiacjoe_overflow_paths,
          nicolae_sif_muna_little_library, guppyfry_early_orc_mine,
          uniq_crazy_yiuf_cottage

Skill      XL: |  1  2  3  4 |
---------------+-------------+-----
Axes           | 4 |  4.3
Fighting       | 4 |  4.1
Armour         | 3 |  3.0
Polearms       | |  0.2
Dodging        | |  2.6
Stealth        | |  0.3

Action                   |  1- 3 |  4- 6 || total
-------------------------+-------+-------++-------
Melee: Hand axe          |    63 |     1 ||    64
       Kick              |    15 |     6 ||    21
       Peck              |     4 |     4 ||     8
       Trident           |       |    23 ||    23
Invok: Berserk           |       |     1 ||     1
  Use: Potion            |       |     1 ||     1
 Stab: Sleeping          |       |     2 ||     2
Armor: Animal skin       |    16 |     2 ||    18
Dodge: Dodged            |    47 |    15 ||    62
Block: Other             |       |     3 ||     3

Table legend: (Time is in decaauts)
 A = Elapsed time spent in this place.
 B = Non-inter-level travel time spent in this place.
 C = Inter-level travel time spent in this place.
 D = Time resting spent in this place.
 E = Time spent auto-exploring this place.
 F = Levels seen in this place.
 G = Mean time per level.
                   A        B        C        D        E       F      G
               +--------+--------+--------+--------+--------+-----+--------+
         Total |   1334 |   1316 |     18 |      0 |   1029 |   4 |  333.5 |
       Dungeon |   1334 |   1316 |     18 |      0 |   1029 |   4 |  333.5 |
               +--------+--------+--------+--------+--------+-----+--------+

Top non-repeatable levels by time:
     D:1: 829 daAuts
     D:4: 236 daAuts
     D:2: 209 daAuts
     D:3: 59 daAuts
